 Dungeon Crawl Stone Soup version 0.30.0-10-gfe55d96785 (webtiles) character file.

Game seed: 15752444319690286118

4 Gabide the Sneak (level 1, -1/18 HPs)
             Began as a Demigod Delver on May 14, 2023.
             Slain by a scorpion (2 damage)
             ... on level 5 of the Dungeon.
             The game lasted 00:02:01 (208 turns).

Gabide the Sneak (Demigod Delver)                    Turns: 208, Time: 00:02:02

Health: -1/18      AC:  6    Str: 13    XL:     1   Next: 46%
Magic:  3/3        EV: 11    Int: 12    God:
Gold:   29         SH:  0    Dex: 15    Spells: 0/0 levels left

rFire   . . .        a - +0 short sword
rCold   . . .        (no shield)
rNeg    . . .        b - +0 leather armour
rPois   .            h - +2 helmet
rElec   .            (no cloak)
rCorr   .            (no gloves)
SInv    .            (no boots)
Will    .....        (no amulet)
Stlth   +++          (no ring)
HPRegen 0.23/turn    (no ring)
MPRegen 0.08/turn

%: no passive effects
@: no status effects
A: high MP 1, forlorn, divine attributes
a: no special abilities


You were on level 5 of the Dungeon.
You visited 1 branch of the dungeon, and saw 2 of its levels.

You collected 29 gold pieces.

Inventory:

Hand Weapons
 a - a +0 short sword (weapon)
Missiles
 k - 2 atropa-tipped darts (quivered)
Armour
 b - a +0 leather armour (worn)
 h - a +2 helmet (worn)
Wands
 g - a wand of digging (3)
Scrolls
 d - a scroll of magic mapping
 e - a scroll of fear
 i - a scroll of teleportation {unknown}
Potions
 f - a potion of haste
 j - a potion of might {unknown}


   Skills:
 - Level 2.6 Fighting
 + Level 2.2 Short Blades
 - Level 1.7 Dodging
 - Level 4.5 Stealth


You couldn't memorise any spells.
You didn't know any spells.
Your spell library contained the following spells:

 Spells                   Type           Power      Damage    Failure   Level
 Lesser Beckoning         Tloc           0%         N/A       54%         2
 Gell's Gravitas          Tloc           0%         N/A       77%         3
 Teleport Other           Tloc           0%         N/A       77%         3


Dungeon Overview and Level Annotations

Branches:
Dungeon (6/15)             Temple (0/1) D:5

Annotations:
D:5 1 exclusion


Innate Abilities, Weirdness & Mutations

You have an increased reservoir of magic. (+10% MP)
You shall have no god before yourself.
Your divine heritage dramatically boosts your attributes as you level up.


Message History

The scorpion barely misses you.
Throw: 6 darts (atropa)
Press: ? - help, Q - select action Shift-Dir - straight line, f - scorpion
Aim: a scorpion (severely wounded, 59% to hit, chance to blind on hit: 72%)
You throw an atropa-tipped dart.
The atropa-tipped dart hits the scorpion.
The scorpion appears confused.
The scorpion is severely wounded.
Found 4 stones and a robe.
The scorpion seems less confused.
You see here an atropa-tipped dart.
You see here a ring of fire.
The scorpion stings you.
The scorpion stings you but does no damage.
You barely miss the scorpion.
The scorpion is severely wounded.
The scorpion is no longer blind.
You hit the scorpion.
The scorpion is almost dead.
The scorpion closely misses you.
Throw: 5 darts (atropa)
Press: ? - help, Q - select action Shift-Dir - straight line, f/p - scorpion
Aim: a scorpion (almost dead, 59% to hit, chance to blind on hit: 67%)
You throw an atropa-tipped dart.
The atropa-tipped dart barely misses the scorpion.
The scorpion stings you.
* * * LOW HITPOINT WARNING * * *
Okay, then.
Throw: 4 darts (atropa)
Press: ? - help, Q - select action Shift-Dir - straight line, f/p - scorpion
Aim: a scorpion (almost dead, 59% to hit, chance to blind on hit: 67%)
You throw an atropa-tipped dart.
The atropa-tipped dart barely misses the scorpion.
The scorpion barely misses you.
Throw: 3 darts (atropa)
Press: ? - help, Q - select action Shift-Dir - straight line, f/p - scorpion
Aim: a scorpion (almost dead, 59% to hit, chance to blind on hit: 67%)
You throw an atropa-tipped dart.
The atropa-tipped dart barely misses the scorpion.
The scorpion stings you.
You die...

##.§§§###############.######.
...§§§§.....>...............>
##.§§§###############.###...
....§§..# #(............# #
........# #.............#.#
........# #...........!...#
........# #[............###
........# #....s........#
........# #.....@.(.....#
........# #(.....=......#
........# #...........?.#
........# #.............#
........# #.............#
.....:..# #.............#
........# #.............#
........# #.............#
........# #.............#


You could see a scorpion.

Vanquished Creatures
  A dart slug (D:5)
  An orc (D:5)
2 creatures vanquished.

Notes
Turn   | Place    | Note
-------+----------+-------------------------------------------
     0 | D:5      | Gabide the Demigod Delver began the quest for the Orb.
     0 | D:5      | Reached XP level 1. HP: 18/18 MP: 3/3
     5 | D:5      | Found a staircase to the Ecumenical Temple.
    17 | D:5      | Noticed a scorpion
   153 | D:5      | Noticed a jelly
   168 | D:5      | Noticed an iguana
   191 | D:5      | Noticed a scorpion
   208 | D:5      | Slain by a scorpion

Illustrated notes

Levels and vault maps discovered:
D:5:      kennysheep_kobold_camp, layout_basic, temple_pool_b, serial_shops,
          nicolae_shop_just_a_little_nook
D:6:      layout_loops_corners

Skill      XL: |  1 |
---------------+----+-----
Short Blades   | 2 |  2.2
Fighting       | |  2.6
Dodging        | |  1.7
Stealth        | |  4.5

Action                     || total
---------------------------++-------
  Melee: Short sword       ||    10
  Throw: Dart              ||     4
    Use: Scroll            ||     1
   Stab: Sleeping          ||     1
 Armour: Leather armour    ||     2
  Dodge: Dodged            ||     6
